 Dungeon Crawl Stone Soup version 0.30-a0-141-g30f27751c5 (webtiles) character file.

Game seed: 4125753803102861781

26447 Angani the Fighter (level 13, -6/187 HPs)
             Began as a Meteoran Fighter on Sept 25, 2022.
             Was a Follower of Ru.
             Mangled by a demonic crawler (9 damage)
             ... on level 3 of the Abyss.
             The game lasted 00:37:47 (5376 turns).

Angani the Fighter (Meteoran Fighter)               Turns: 5376, Time: 00:37:48

Health: -6/187     AC: 26    Str: 14 (17) XL:     13   Next: 96%
Magic:  12/12      EV:  2    Int: 10 (11) God:    Ru [*.....]
Gold:   904        SH:  0    Dex: 12 (15) Spells: 12/12 levels left

rFire   + . .      SeeInvis .    f - +4 eveningstar (flame)
rCold   + . .      Faith    +    x - orb {light}
rNeg    + . .      Spirit   .    (body armour currently unavailable)
rPois   +          Reflect  .    (helmet currently unavailable)
rElec   .          Harm     .    (cloak currently unavailable)
rCorr   +          Rampage  .    (gloves currently unavailable)
Will    +....      Clarity  +    (boots currently unavailable)
Stlth   +......... NoTele   +    d - amulet of faith
HPRegen 0.00/turn                b - ring of protection from fire
MPRegen 0.13/turn                g - ring "Xylirat" {rC+ rN+ rCorr}

@: brilliant, tree-form, attractive, inhibited regen, hasted, glowing, very
quick
A: stationary, stasis, torment immunity, boosted hp, low MP 1, sense
surroundings 2, disrupted magic 2, otherworldly, glowing, explore regen,
clarity, [inhibited regeneration], [weak 2], ([heat vulnerability 2]),
[inability to drink after injury 2]
a: Renounce Religion


You were on level 3 of the Abyss.
You worshipped Ru.
Ru was aware of your devotion.
You were a tree.
You visited 2 branches of the dungeon, and saw 15 of its levels.
You visited the Abyss 1 time.
You also visited: Volcano.

You collected 904 gold pieces.

Inventory:

Hand Weapons
 f - a +4 eveningstar of flaming (weapon)
 A - the +9 mace of Cowardice {vorpal, Int+3}
   (You found it on level 8 of the Dungeon)

   It inflicts extra damage upon your enemies.
   Int:       It affects your intelligence (+3).
Armour
 m - a +1 chain mail (melded)
 w - a +2 cloak of poison resistance (melded)
 x - an orb of light (worn)
Jewellery
 b - a ring of protection from fire (left branch)
 d - an amulet of faith (around neck)
 e - a ring of ice
 g - the ring "Xylirat" (right branch) {rC+ rN+ rCorr}
   (You acquired it on level 3 of the Dungeon)

   [ring of resist corrosion]

   rC:        It protects you from cold.
   rN:        It protects you from negative energy.
   rCorr:     It protects you from acid and corrosion.
 H - a ring of ice
Wands
 c - a wand of charming (15)
 t - a wand of iceblast (3)
 E - a wand of acid (7)
 F - a wand of flame (22)
Scrolls
 a - a scroll of amnesia
 l - 3 scrolls of noise
 n - a scroll of fear
 r - a scroll of vulnerability
 s - 4 scrolls of teleportation
 u - a scroll of summoning
 y - 4 scrolls of enchant armour
 C - a scroll of fog
 K - 2 scrolls of immolation {unknown}
 L - a scroll of blinking
Potions
 h - 6 potions of curing
 i - a potion of brilliance
 j - a potion of ambrosia
 q - 4 potions of magic
 z - a potion of cancellation


   Skills:
 - Level 14.7 Fighting
 + Level 13.6 Maces & Flails
 + Level 12.9 Armour
 + Level 12.3 Dodging
 - Level 6.6 Shields


You had 12 spell levels left.
You didn't know any spells.
Your spell library contained the following spells:

 Spells                   Type           Power      Damage    Failure   Level
 Gell's Gravitas          Tloc           0%         N/A       87%         3
 Lesser Beckoning         Tloc           0%         N/A       87%         3
 Ozocubu's Armour         Ice            0%         N/A       87%         3
 Teleport Other           Tloc           0%         N/A       87%         3
 Olgreb's Toxic Radiance  Pois           0%         N/A       99%         4
 Ozocubu's Refrigeration  Ice            0%         4d7       100%        7
 Ignition                 Fire           0%         3d3       100%        8


Dungeon Overview and Level Annotations

Branches:
Dungeon (10/15) Zot: 2219    Lair (5/5) D:10 Zot: 1708   Snake (0/4) Lair:3
  Slime (0/5) Lair:5      Volcano (visited)
 Temple: D:4-7        Swamp: Lair:2-3    Shoals: Lair:2-3       Orc: D:9-12

Altars:
Hepliaklqana
Ru
Sif Muna
Trog
Uskayaw

Shops:
D:6 (

Annotations:
D:6 3 runed translucent doors, exclusion: 3 doors, Angani's ghost, novice MeTm
D:9 2 transporters, strmdvr's ghost, novice MiBe


Innate Abilities, Weirdness & Mutations

You are a tree.
Your roots penetrate the ground, keeping you stationary.
You cannot be teleported.
You are immune to unholy pain and torment.
Your maximum health is greatly increased.
Your equipment is partially melded.
Your magical capacity is low. (-10% MP)
You passively map the area around you.
Your casting is disrupted.
You are easily found by Zot.
You glow in the dark.
You regain HP and MP as you explore.
You possess an exceptional clarity of mind.
[You do not regenerate when monsters are visible.]
[You are very weak. (Str -4)]
[((You are very vulnerable to heat. (rF--)))]
[You sometimes lose the ability to drink potions when taking damage.]


Message History

You feel vulnerable to heat. x2
The hell hog bites you.
* * * LOW HITPOINT WARNING * * *
Okay, then.
You impale the hell hog!!
The hell hog is almost dead.
The hell hog bites you!
* * * LOW HITPOINT WARNING * * *
Unknown command.
You impale the hell hog!!
You kill the hell hog!
Unknown command.
Okay, then.
You feel yourself speed up.
The wretched star pulses with an eldritch light!
You feel weaker. x2
The demonic crawler hits you but does no damage.
The demonic crawler hits you!
* * * LOW HITPOINT WARNING * * *
The demonic crawler hits you but does no damage.
You sock the demonic crawler! You burn the demonic crawler.
The demonic crawler is lightly wounded.
The demonic crawler hits you.
* * * LOW HITPOINT WARNING * * *
The demonic crawler hits you but does no damage.
The demonic crawler hits you.
* * * LOW HITPOINT WARNING * * *
You puncture the demonic crawler!
The demonic crawler is moderately wounded.
The demonic crawler hits you but does no damage.
The demonic crawler completely misses you.
The demonic crawler hits you but does no damage.
You redirect the wretched star's attack!
You hit the demonic crawler but do no damage.
The demonic crawler is moderately wounded.
You sock the demonic crawler!
The demonic crawler is heavily wounded.
The demonic crawler hits you but does no damage.
The demonic crawler hits you!
You die...

#####
#*s♣#
#.###
.
...§§.
. .
....
.....
.... #
# # ..
.§ . .
. ...
#


You could see a wretched star and a demonic crawler.

Vanquished Creatures
  A profane servitor (Abyss:3)
  A lorocyproca (Abyss:3)
  A green death (Abyss:3)
  A hydra (Lair:3)
  A two-headed ogre (D:10)
  A death yak (Lair:5)
  A hell hog (Abyss:3)
  3 cyclopes
  4 elephants (Lair:3)
  3 salamanders (Volcano)
  4 black mambas
  A molten gargoyle (Volcano)
  3 gargoyles
  A smoke demon (Abyss:3)
  2 cane toads
  3 rime drakes
  3 komodo dragons
  An ancient zyme (Abyss:3)
  A troll (D:10)
  2 hornets (D:9)
  3 dream sheep (Lair:4)
  13 yaks
  Sigmund (D:3)
  A wraith (D:9)
  4 wyverns
  3 basilisks
  3 fire bats (Lair:5)
  A steam dragon (D:9)
  4 nagas (Lair:3)
  An acid dragon (D:10)
  9 water moccasins
  An orc warrior (D:10)
  An ice beast (D:7)
  2 black bears
  2 ogres
  13 wolves
  5 phantoms
  8 centaurs
  2 kobold brigands
  Blork the orc (D:4)
  9 bullfrogs
  A necrophage (D:8)
  2 scorpions (D:10)
  2 water moccasin zombies (D:5)
  13 wights
  2 wyvern skeletons (D:5)
  A bullfrog zombie (D:5)
  3 bullfrog skeletons (D:5)
  A hound (D:5)
  3 orc priests
  A centaur skeleton (D:5)
  3 orc wizards
  2 scorpion zombies (D:5)
  7 iguanas
  2 killer bee zombies (D:5)
  2 hound zombies (D:5)
  3 howler monkey zombies (D:5)
  3 adders
  4 white imps
  2 ufetubi
  An adder zombie (D:5)
  An adder skeleton (D:5)
  2 dart slugs (D:4)
  14 orcs
  10 ball pythons
  8 endoplasms
  2 giant cockroaches
  5 goblins
  6 hobgoblins
  6 jackals
  2 quokkas (D:4)
  3 bats
  A frilled lizard (D:1)
  6 kobolds
  4 rats
253 creatures vanquished.

Vanquished Creatures (others)
  A dream sheep (Lair:4)
  4 fungi
  4 plants
  4 withered plants (D:5)
13 creatures vanquished.

Grand Total: 266 creatures vanquished

Notes
Turn   | Place    | Note
-------+----------+-------------------------------------------
     0 | D:1      | Angani the Meteoran Fighter began the quest for the Orb.
     0 | D:1      | Reached XP level 1. HP: 19/19 MP: 2/2
   156 | D:1      | Reached XP level 2. HP: 25/26 MP: 3/3
   226 | D:1      | Found a faded altar of an unknown god.
   235 | D:1      | Prayed at the altar of an unknown god.
   235 | D:1      | Became a worshipper of Ru the Awakened
   238 | D:1      | Gained mutation: Your casting is slightly disrupted. [Ru
                  | sacrifice]
   312 | D:1      | Reached skill level 1 in Dodging
   312 | D:1      | Reached XP level 3. HP: 29/31 MP: 4/4
   642 | D:3      | Reached XP level 4. HP: 39/39 MP: 5/5
   776 | D:3      | Noticed Sigmund
   779 | D:3      | Identified a scroll of acquirement
   789 | D:3      | Killed Sigmund
   790 | D:3      | Reached skill level 4 in Fighting
   790 | D:3      | Reached XP level 5. HP: 43/46 MP: 6/6
   790 | D:3      | Reached XP level 6. HP: 49/52 MP: 7/7
   810 | D:3      | Acquired the ring "Xylirat" {rC+ rN+ rCorr}
  1044 | D:4      | Found a shimmering blue altar of Sif Muna.
  1121 | D:4      | Noticed Blork the orc
  1135 | D:4      | Killed Blork the orc
  1136 | D:4      | Reached skill level 5 in Armour
  1136 | D:4      | Reached skill level 5 in Shields
  1136 | D:4      | Reached XP level 7. HP: 32/60 MP: 8/8
  1231 | D:4      | Gained mutation: Your casting is disrupted. [Ru sacrifice]
  1306 | D:4      | Found a hazy altar of Hepliaklqana.
  1360 | D:5      | Entered Level 5 of the Dungeon
  1383 | D:5      | Reached skill level 5 in Maces & Flails
  1434 | D:5      | Reached skill level 5 in Fighting
  1434 | D:5      | Reached XP level 8. HP: 44/68 MP: 9/9
  1534 | D:5      | Gained mutation: Your magical capacity is low. (-10% MP)
                  | [potion of mutation]
  1534 | D:5      | Gained mutation: You possess an exceptional clarity of
                  | mind. [potion of mutation]
  1916 | D:5      | Reached skill level 5 in Dodging
  1931 | D:5      | Gained mutation: You passively map the area around you.
                  | [Meteoran growth]
  1931 | D:5      | Reached XP level 9. HP: 54/75 MP: 9/9
  1931 | D:5      | Reached skill level 14 in Fighting
  1931 | D:5      | Reached XP level 10. HP: 75/104 MP: 10/10
  2092 | D:6      | Found Rec Qie's Weapon Shop.
  2094 | D:6      | Found a runed translucent gate.
  2147 | D:6      | Found a runed translucent gate.
  2148 | D:6      | Found a runed translucent gate.
  2149 | D:6      | Noticed Angani's ghost (novice MeTm)
  2578 | D:7      | Mutation became permanent: Your magical capacity is low.
                  | (-10% MP) [Ru sacrifice]
  2578 | D:7      | Gained mutation: Your magical capacity is low. (-10% MP)
                  | [Ru sacrifice]
  2578 | D:7      | Reached * piety under Ru
  2650 | D:7      | Identified the +2 robe of Hureps {rC+ Dex+2}
  2718 | D:8      | Found a hide-covered altar of Uskayaw.
  2814 | D:8      | Identified the +9 mace of Cowardice {vorpal, Int+3}
  2980 | D:9      | Reached XP level 11. HP: 98/111 MP: 10/10
  3104 | D:9      | Found a transporter.
  3104 | D:9      | Noticed strmdvr's ghost (novice MiBe)
  3104 | D:9      | Identified the +6 dire flail "Rudaceys" {vorpal, +Blink}
  3104 | D:9      | Noticed a two-headed ogre
  3105 | D:9      | Found a transporter.
  3105 | D:9      | Noticed a two-headed ogre
  3105 | D:9      | Noticed a two-headed ogre
  3107 | D:9      | Noticed a two-headed ogre
  3333 | D:10     | Entered Level 10 of the Dungeon
  3336 | D:10     | Noticed a cyclops
  3347 | D:10     | Killed a cyclops
  3419 | D:10     | Found a bloodstained altar of Trog.
  3584 | D:10     | Noticed a two-headed ogre
  3590 | D:10     | Killed a two-headed ogre
  3680 | D:10     | Found a staircase to the Lair.
  3693 | Lair:1   | Entered Level 1 of the Lair of Beasts
  3830 | Lair:1   | Noticed a black mamba
  3835 | Lair:1   | Killed a black mamba
  3843 | Lair:1   | Reached XP level 12. HP: 117/118 MP: 11/11
  3894 | Lair:1   | Reached skill level 10 in Maces & Flails
  4061 | Lair:2   | Reached skill level 10 in Armour
  4370 | Lair:3   | Reached skill level 10 in Dodging
  4390 | Lair:3   | Found a staircase to the Snake Pit.
  4622 | Lair:3   | Noticed a four-headed hydra
  4630 | Lair:3   | Killed a four-headed hydra
  4631 | Lair:3   | Reached XP level 13. HP: 91/125 MP: 12/12
  4679 | Lair:3   | Found a shimmering blue altar of Sif Muna.
  4927 | Lair:4   | You fall into a shaft and drop 1 floor!
  4927 | Lair:5   | Entered Level 5 of the Lair of Beasts
  4977 | Lair:5   | Noticed a death yak
  5007 | Lair:5   | Killed a death yak
  5015 | Lair:5   | Found a dark tunnel.
  5024 | Volcano  | Entered a volcano
  5223 | Abyss:3  | Cast into level 3 of the Abyss (a wizard)
  5294 | Abyss:3  | Noticed a lorocyproca
  5301 | Abyss:3  | Killed a lorocyproca
  5314 | Abyss:3  | Noticed a profane servitor
  5317 | Abyss:3  | Noticed a green death
  5340 | Abyss:3  | Noticed a hell hog
  5352 | Abyss:3  | Killed a profane servitor
  5365 | Abyss:3  | Killed a green death
  5371 | Abyss:3  | Killed a hell hog
  5373 | Abyss:3  | HP: 7/187 [demonic crawler (6)]
  5373 | Abyss:3  | HP: 3/187 [demonic crawler (4)]
  5376 | Abyss:3  | Mangled by a demonic crawler

Illustrated notes

Levels and vault maps discovered:
D:1:      psy_arrival_statuary, layout_basic,
          dreamdust_ecumenical_altar_hidden_monk_grotto
D:2:      layout_rooms
D:3:      layout_basic, uniq_sigmund
D:4:      layout_basic, worldfamousw_hep_ancestral_shrine,
          amcnicky_altar_gilded, uniq_blork_the_orc
D:5:      layout_loops_corners, serial_undead, serial_undead_e, serial_undead_e,
          serial_undead_b, serial_undead_d, serial_undead_a, serial_undead_d,
          serial_undead_f, serial_undead_e, minivault_24,
          amcnicky_mini_rare_corridor_liquid, uniq_pikel
D:6:      lemuel_ice_spiral_2, layout_rooms, mainiacjoe_overflow_big_doors,
          serial_shops, shop, gammafunk_ghost_split, minivault_25
D:7:      layout_cave_pools, minmay_temple_entry_fiery, minmay_statues_item
D:8:      layout_cave_pools, lemuel_tele_altar, chequers_decorated_corner,
          chequers_serial_rivers_micro_e
D:9:      layout_cave_pools, gammafunk_ghost_smash, kennysheep_small_circle
D:10:     layout_cave_pools, trog_butcher_becter, lair_entry_dummy
Lair:1:   layout_regular_city, grunt_megastairs_5, lemuel_fruit_fields
Lair:2:   layout_chaotic_city
Lair:3:   layout_regular_city, nicolae_swamp_entry_splash_gauntlet,
          minmay_snake_entry_guardpost_medium, basic_altar, lemuel_fruit_fields,
          grunt_megastairs_3
Lair:4:   layout_hall_layers, lemuel_fruit_fields, grunt_megastairs_2,
          uniq_rupert
Lair:5:   evilmike_catoblepas_cave, layout_gridlike, slime_entry_1,
          nicolae_volcano_entry_batcave, infiniplex_staircase_pool_2
Abyss:3:  base: D:12, bh_abyss_xom_lugonu_altar, evilmike_abyss_exit_glass,
          serial_sigils_hangedman_gut, gammafunk_abyss_rune_reverse_zot
Volcano:  hellmonk_zot_springs

Skill      XL: |  1  2  3  4  5  6  7  8  9 10 11 12 13 |
---------------+----------------------------------------+-----
Maces & Flails | 3 4 5 6 7 9 11 13 | 13.6
Dodging        | 1 2 3 5 6 8 10 12 | 12.3
Armour         | 4 5 6 7 9 11 12 | 12.9
Shields        | 4 5 6 |  6.6
Fighting       | 4 5 14 | 14.7

Action                   |  1- 3 |  4- 6 |  7- 9 | 10-12 | 13-15 || total
-------------------------+-------+-------+-------+-------+-------++-------
Melee: Flail             |    76 |    63 |   214 |   187 |       ||   540
       Mace              |       |       |       |   385 |    94 ||   479
       Eveningstar       |       |       |       |       |    60 ||    60
Invok: Sacrifice Essence |     1 |       |     1 |     1 |       ||     3
       Reject Sacrifices |       |       |       |     1 |       ||     1
Evoke: Wand              |       |       |       |     3 |     3 ||     6
  Use: Scroll            |       |     4 |     4 |    13 |     5 ||    26
       Potion            |       |     1 |     2 |     1 |    18 ||    22
Armor: Scale mail        |    32 |       |       |       |       ||    32
       Chain mail        |    14 |    22 |   146 |   334 |    45 ||   561
       Skin              |       |       |       |       |    23 ||    23
Dodge: Dodged            |    28 |    16 |    81 |   267 |    56 ||   448
Block: Buckler           |    17 |    10 |    69 |    47 |       ||   143

Table legend: (Time is in decaauts)
 A = Elapsed time spent in this place.
 B = Non-inter-level travel time spent in this place.
 C = Inter-level travel time spent in this place.
 D = Time resting spent in this place.
 E = Time spent auto-exploring this place.
 F = Levels seen in this place.
 G = Mean time per level.
                   A        B        C        D        E       F      G
               +--------+--------+--------+--------+--------+-----+--------+
         Total |   5378 |   5162 |    216 |      0 |      0 |  17 |  316.4 |
       Dungeon |   3780 |   3571 |    209 |      0 |      0 |  10 |  378.0 |
          Lair |   1291 |   1284 |      7 |      0 |      0 |   5 |  258.2 |
         Abyss |    113 |    113 |      0 |      0 |      0 |   1 |  113.0 |
       Volcano |    192 |    192 |      0 |      0 |      0 |   1 |  192.0 |
               +--------+--------+--------+--------+--------+-----+--------+

Top non-repeatable levels by time:
     D:5: 804 daAuts
     D:4: 429 daAuts
  Lair:2: 420 daAuts
     D:9: 375 daAuts
  Lair:3: 359 daAuts
    D:10: 356 daAuts
     D:7: 349 daAuts
     D:3: 342 daAuts
     D:1: 329 daAuts
     D:2: 299 daAuts
     D:6: 252 daAuts
     D:8: 241 daAuts
  Lair:4: 209 daAuts
  Lair:1: 208 daAuts
 Volcano: 192 daAuts
